 Dungeon Crawl Stone Soup version 0.19.1-1-g22dce08 (webtiles) character file.

78 Alarkh the Chopper (level 4, -2/35 HPs)
             Began as a Demonspawn Monk on Jan 11, 2017.
             Was a Believer of Trog.
             Slain by a kobold
             ... wielding a +2 whip of electrocution
              (15 damage)
             ... on level 2 of the Dungeon.
             The game lasted 00:01:32 (992 turns).

Alarkh the Chopper (Demonspawn Monk)                 Turns: 992, Time: 00:01:33

Health: -2/35      AC:  7    Str: 12    XL:     4   Next: 15%
Magic:  4/4        EV: 10    Int: 12    God:    Trog [**....]
Gold:   38         SH:  0    Dex: 15    Spells: 0 memorised, 3 levels left

rFire  . . .     SeeInvis +     l - +3 hand axe
rCold  + . .     Gourm    .     h - +1 scale mail {rC+}
rNeg   . . .     Faith    .     (no shield)
rPois  .         Spirit   .     (no helmet)
rElec  .         Reflect  .     (no cloak)
rCorr  .         Harm     .     (no gloves)
MR     .....                    (no boots)
Stlth  +.........               (no amulet)
                                (no ring)
                                j - ring of see invisible

@: lethally poisoned (-2 -> -7)
A: demonic guardian 1
a: Berserk, Trog's Hand, Burn Spellbooks, Renounce Religion


You were on level 2 of the Dungeon.
You worshipped Trog.
Trog was pleased with you.
You were not hungry.

You visited 1 branch of the dungeon, and saw 2 of its levels.

You collected 38 gold pieces.

Inventory:

Hand Weapons
 a - a +0 hand axe
 l - a +3 hand axe (weapon)
Armour
 b - a +0 robe
 h - a +1 scale mail of cold resistance (worn)
Jewellery
 j - a ring of see invisible (left hand)
Scrolls
 d - 2 scrolls of remove curse
 e - a scroll of fear {unknown}
 g - a scroll of amnesia {unknown}
 i - a scroll of enchant weapon {unknown}
 k - a scroll of immolation {unknown}
 n - 2 scrolls of blinking {unknown}
 o - a scroll of recharging {unknown}
 p - a scroll of magic mapping {unknown}
Comestibles
 c - a bread ration
 f - 5 chunks of flesh
 m - 2 meat rations


   Skills:
 - Level 3.0 Fighting
 + Level 4.5 Axes
 - Level 2.6 Dodging
 - Level 1.7 Stealth


You had 3 spell levels left.
You didn't know any spells.

Dungeon Overview and Level Annotations

Branches:
Dungeon (2/15)

Altars:
Hepliaklqana
Trog
Vehumet
Xom
Zin

Shops:
D:2 *


Innate Abilities, Weirdness & Mutations

A weak demonic guardian rushes to your aid.


Message History

You kill the adder!
Trog accepts your kill.
You feel sick.
You feel sick.
You closely miss the kobold.
You feel sick. The kobold hits you but does no damage.
You hit the kobold.
The kobold is moderately wounded.
You feel sick. The kobold hits you but does no damage.
You miss the kobold. The kobold barely misses you.
You completely miss the kobold.
You feel sick.
The kobold hits you with a whip of electrocution.
You are too injured to fight recklessly!
You are too injured to fight recklessly!
You are too injured to fight recklessly!
You aren't carrying any potions.
You feel sick.
The kobold hits you with a whip of electrocution.
You are electrocuted!
You die...

..##.#.##.##..#.#.#
..##.#+...#...#.#.#
.#.... .#.....#.#.#
.#.....###......#.#
.#.....#⌠_..∩.....#
.#.... ###......###
...... #.......########
...#.. .................
.........##....K@...####
##.#.#......#.#..##.#
...# #..#.....#..# #
#..# #. #.....#.># #..#
#.....#### # .# #...( #
.# # # #


You could see a kobold.

Vanquished Creatures
  Jessica (D:2)
  An adder (D:2)
  2 dart slugs (D:1)
  A leopard gecko (D:1)
  5 bats (D:1)
  4 goblins
  8 hobgoblins
  4 jackals
  A frilled lizard (D:1)
  5 kobolds (D:1)
  2 rats (D:1)
34 creatures vanquished.

Notes
Turn   | Place    | Note
-------+----------+-------------------------------------------
     0 | D:1      | Alarkh the Demonspawn Monk began the quest for the Orb.
     0 | D:1      | Reached XP level 1. HP: 18/18 MP: 1/1
   108 | D:1      | Reached skill level 3 in Axes
   134 | D:1      | Gained mutation: A weak demonic guardian rushes to your aid. [demonic ancestry]
   134 | D:1      | Reached XP level 2. HP: 18/24 MP: 2/2
   306 | D:2      | Found a shimmering altar of Xom.
   306 | D:2      | Found a hazy altar of Hepliaklqana.
   306 | D:2      | Found a bloodstained altar of Trog.
   306 | D:2      | Found a radiant altar of Vehumet.
   317 | D:2      | Became a worshipper of Trog the Wrathful
   317 | D:2      | Reached * piety under Trog
   317 | D:2      | Reached ** piety under Trog
   445 | D:1      | Reached XP level 3. HP: 21/29 MP: 3/3
   684 | D:1      | Reached skill level 4 in Axes
   938 | D:2      | Noticed Jessica
   945 | D:2      | Killed Jessica
   945 | D:2      | Reached XP level 4. HP: 35/35 MP: 4/4
   968 | D:2      | Found Zin's Purification Station.
   969 | D:2      | Found a glowing silver altar of Zin.
   992 | D:2      | Slain by a kobold

Skill      XL: |  1  2  3 |
---------------+----------+-----
Axes           | 3 4 |  4.5
Fighting       | |  3.0
Dodging        | |  2.6
Stealth        | |  1.7

Action                   |  1- 3 |  4- 6 || total
-------------------------+-------+-------++-------
Melee: Hand axe          |   115 |     8 ||   123
  Use: Potion            |     1 |       ||     1
       Scroll            |     1 |       ||     1
 Stab: Sleeping          |     1 |       ||     1
Armor: Robe              |     4 |       ||     4
       Scale mail        |    65 |     1 ||    66
Dodge: Dodged            |    95 |     3 ||    98
